[Event "GrandPrix_29.05"]
[Site "Chess.com"]
[Date "2020.05.29"]
[Round "8"]
[White "GrishaTheChamp"]
[Black "chessdjw"]
[Result "0-1"]
[WhiteElo "2167"]
[BlackElo "2195"]
[TimeControl "600+2"]
[EndTime "12:58:49 PDT"]
[Termination "chessdjw won by resignation"]

1. d4 Nf6 2. c4 c5 3. d5 b5 4. a4 b4 5. Nd2 d6 6. e4 g6 7. Bd3 Bg7 8. f4 e5 9. fxe5 Ng4 10. e6 Ne5 11. exf7+ Kxf7 12. Ndf3 Nxd3+ 13. Qxd3 Re8 14. Ne2 Kg8 15. O-O Nd7 16. Bf4 Bxb2 17. Rab1 Ne5 18. Qb3 Nxf3+ 19. Qxf3 Be5 20. Bxe5 Rxe5 21.
Qf7+ Kh8 22. Ng3 Ba6 23. Rf4 Qe7 24. Qxe7 Rxe7 25. Rf6 Rd8 26. Rc1 b3 27. Rf3 Rb8 28. Rfc3 Rb4 29. Nf1 b2 30. Rb1 Bxc4 31. Nd2 Ba2 0-1

[Event "GrandPrix_29.05"]
[Site "Chess.com"]
[Date "2020.05.29"]
[Round "8"]
[White "Pash2015"]
[Black "Andrei_Belozerov"]
[Result "0-1"]
[WhiteElo "2256"]
[BlackElo "2588"]
[TimeControl "600+2"]
[EndTime "12:58:51 PDT"]
[Termination "Andrei_Belozerov won by resignation"]

1. e4 c5 2. d4 cxd4 3. Nf3 d6 4. Bc4 Nc6 5. h3 Nf6 6. Qe2 e6 7. O-O Be7 8. Rd1 O-O 9. c3 d5 10. exd5 exd5 11. Bb3 Re8 12. cxd4 Bf5 13. Nc3 Bd6 14. Qb5 a6 15. Qf1 h6 16. Nxd5 Nxd5 17. Bxd5 Nb4 18. Bb3 Nc2 19. Bxc2 Bxc2 20. Re1 Be4 21. Re3 Rc8 22.
Qd1 Qb6 23. Rb3 Qc6 24. Be3 Bc2 25. Qe1 Bxb3 26. axb3 Bf4 27. Rd1 Qc2 28. d5 Bxe3 29. fxe3 Rxe3 30. Qf1 Re2 31. Rd4 Qxb2 32. d6 Rc1 33. Rd1 Rxg2+ 34. Kh1 Rxd1 35. Qxd1 Rg6 36. Nh4 Rg3 37. Qf1 Qd2 38. Nf5 Rd3 0-1

[Event "GrandPrix_29.05"]
[Site "Chess.com"]
[Date "2020.05.29"]
[Round "8"]
[White "VMikhalevski"]
[Black "MilanovicDan"]
[Result "1-0"]
[WhiteElo "2639"]
[BlackElo "2446"]
[TimeControl "600+2"]
[EndTime "12:58:59 PDT"]
[Termination "VMikhalevski won by resignation"]

1. Nf3 Nf6 2. g3 b5 3. Bg2 Bb7 4. Na3 a6 5. c4 c6 6. d4 d5 7.
b3 e6 8. O-O Nbd7 9. Bb2 Bd6 10. Ne5 O-O 11. Nc2 Qc7 12. Nxd7 Nxd7 13. Rc1 Rac8 14. Ne1 Qb8 15. c5 Bc7 16. Nd3 Rce8 17. e4 dxe4 18. Bxe4 Nf6 19. Bg2 Rd8 20. Qe2 a5 21. a3 b4 22. axb4 Ba6 23. Bxc6 e5 24. b5 Bxb5 25. Bxb5 Qxb5 26. dxe5 Rfe8 27. Qc2 Rxd3 28.
exf6 Rxb3 29. Rfe1 Rb8 30. Qf5 Qd3 31. Qxd3 Rxd3 32.
Re7 gxf6 33. Bxf6 Rc8 34. Rb1 Rf3 35. Rxc7 1-0

[Event "GrandPrix_29.05"]
[Site "Chess.com"]
[Date "2020.05.29"]
[Round "8"]
[White "Yurovskykh_Alexander"]
[Black "jncool68"]
[Result "0-1"]
[WhiteElo "2147"]
[BlackElo "2341"]
[TimeControl "600+2"]
[EndTime "12:59:00 PDT"]
[Termination "jncool68 won by resignation"]

1. d4 Nf6 2. Nf3 e6 3. Bf4 d5 4.
e3 Bd6 5. Bg3 O-O 6. Nbd2 c5 7.
c3 Qc7 8. dxc5 Qxc5 9. Bd3 Nbd7 10. Qe2 Qb6 11. O-O-O Nc5 12. e4 Be7 13. Bc2 Bd7 14. e5 Bb5 15. Qe3 Nfd7 16. Bh4 Bxh4 17. Nxh4 Nd3+ 18.
Bxd3 Qxe3 19. fxe3 Bxd3 20. Nhf3 Rac8 21. Rhe1 Nc5 22. Nb3 Nxb3+ 23. axb3 Be4 24. Kd2 f6 25. exf6 Rxf6 26. Rf1 Rcf8 27. Ke2 Bc2 28. Ra1 Bxb3 29. Kd2 a6 30. Rfe1 Bc4 31. e4 dxe4 32. Rxe4 Bd5 33.
Re5 Bxf3 34. gxf3 Rxf3 35. Rxe6 Rd8+ 36. Ke2 Rh3 37. Rh1 Rd5 38. Re7 Rb5 39. Rg1 Rxb2+ 40. Kf1 Rb1+ 41. Kg2 Rxg1+ 42. Kxg1 Rxc3 43. Rxb7 Ra3 44.
Ra7 Ra2 45. h4 h5 46. Kf1 Ra4 47. Kg2 Rxh4 48. Rxa6 Rg4+ 49. Kf3 Kh7 50. Rb6 g6 51. Ra6 Kh6 52. Ra5 Rb4 53. Kg3 h4+ 54. Kh3 g5 55.
Ra8 Rb3+ 56. Kh2 Kh5 57. Ra4 Rb2+ 58. Kg1 h3 59. Ra8 Kh4 60. Kh1 g4 61. Kg1 Rb1+ 62.
Kf2 g3+ 63. Kf3 h2 64. Kf4 Rf1+ 0-1

[Event "GrandPrix_29.05"]
[Site "Chess.com"]
[Date "2020.05.29"]
[Round "8"]
[White "DaggiGretarsson"]
[Black "weplaychess09"]
[Result "1-0"]
[WhiteElo "2049"]
[BlackElo "2053"]
[TimeControl "600+2"]
[EndTime "12:59:07 PDT"]
[Termination "DaggiGretarsson won by checkmate"]

1. d4 Nf6 2. c4 e6 3. Nc3 d5 4.
Bf4 Be7 5. e3 O-O 6. Qc2 b6 7.
Nf3 Bb7 8. cxd5 Nxd5 9. Nxd5 Qxd5 10. Bd3 h6 11. a3 Nd7 12. e4 Qc6 13. Qxc6 Bxc6 14. Rc1 Ba4 15. Bxc7 Rfc8 16. Ba6 Bd6 17. Bb7 Rab8 18. Bxc8 Rxc8 19. Ke2 Bb5+ 20. Ke3 Bxc7 21. Rc3 Nf6 22. h3 g5 23. g3 Kf8 24. Rhc1 Ne8 25. d5 exd5 26. exd5 Ke7 27. Nd4 Bd7 28. Nc6+ Bxc6 29.
Rxc6 Kd7 30. Kf3 Nd6 31. Kg4 b5 32. Kh5 Nc4 33. a4 Nxb2 34. d6 bxa4 35. Rxc7+ Rxc7 36. dxc7 Kc8 37. Kxh6 a3 38. Kxg5 Nd3 39. Ra1 Nxf2 40. h4 Kxc7 41. h5 Ne4+ 42. Kf4 Nf6 43. h6 Kd6 44.
Kf5 Ke7 45. Re1+ Kf8 46. Kxf6 a2 47. h7 a1=Q+ 48. Rxa1 a6 49. h8=R# 1-0

[Event "GrandPrix_29.05"]
[Site "Chess.com"]
[Date "2020.05.29"]
[Round "8"]
[White "BlackBoarder"]
[Black "Firegrizzly"]
[Result "1-0"]
[WhiteElo "2164"]
[BlackElo "2148"]
[TimeControl "600+2"]
[EndTime "12:59:23 PDT"]
[Termination "BlackBoarder won by resignation"]

1. e4 c5 2. Nf3 d6 3. c3 Nf6 4. h3 g6 5. Bd3 Bg7 6. Bc2 O-O 7. O-O Nc6 8. d4 cxd4 9. cxd4 d5 10. e5 Ne8 11. Nc3 Nc7 12. Be3 b6 13.
Qd2 Ba6 14. Rfe1 Rc8 15. Bh6 Na5 16. Bxg7 Kxg7 17. b3 Ne6 18. Rac1 Rc7 19. h4 h6 20. h5 g5 21. Bf5 Bc8 22. Ne2 Bd7 23. Nh2 Rxc1 24.
Rxc1 f6 25. Ng4 Qe8 26. exf6+ exf6 27. Ng3 Qd8 28. Qb4 Nf4 29. Qd6 Be6 30. Rc7+ Bf7 31.
Rd7 Nb7 32. Qa3 Qb8 33. Qe7 1-0

[Event "GrandPrix_29.05"]
[Site "Chess.com"]
[Date "2020.05.29"]
[Round "8"]
[White "eristeski7"]
[Black "AlexPapasimakopoulos"]
[Result "0-1"]
[WhiteElo "2121"]
[BlackElo "2276"]
[TimeControl "600+2"]
[EndTime "12:59:26 PDT"]
[Termination "AlexPapasimakopoulos won by checkmate"]

1. e4 e6 2. d4 d5 3. Nd2 Nf6 4. e5 Nfd7 5. Bd3 c5 6. c3 Nc6 7. Ngf3 a5 8. a4 cxd4 9. cxd4 Nb4 10. Bb5 Be7 11. O-O O-O 12. Nb3 Nb6 13. Qe2 Bd7 14. Bxd7 Qxd7 15. Bg5 Bxg5 16. Nxg5 h6 17. Nc5 Qc6 18.
Nf3 Nd7 19. Rfc1 Rfc8 20. b3 Nf8 21. Nd3 Qa6 22. Nfe1 Ng6 23. Qd2 Nxd3 24. Qxd3 Qb6 25.
g3 Ne7 26. Kg2 Nc6 27. Nf3 Nb4 28. Qd2 Qa6 29. Rc3 Rxc3 30. Qxc3 b6 31. Qd2 Rc8 32. Rc1 Rxc1 33. Qxc1 Qe2 34. Qc8+ Kh7 35. Qc7 Nd3 36. Qxf7 Qxf2+ 37. Kh3 Qf1+ 38. Kh4 Qe2 39. Kg4 Nf2+ 40. Kh5 Qe4 41. h3 Nxh3 42. Nh4 Ng5 43. Qg6+ Qxg6+ 44. Nxg6 Kg8 45. Ne7+ Kf7 46. Nc8 Nf3 47. Nxb6 Nxd4 48.
b4 axb4 49. a5 b3 50. a6 Nc6 51. Na4 d4 52. Kg4 Nxe5+ 53. Kf4 Nc6 54. Ke4 e5 55.
Nb2 Ke6 56. Nd3 Kd6 57. Nxe5 Nxe5 58. a7 b2 59. a8=Q b1=Q+ 60. Kxd4 Qd3# 0-1

[Event "GrandPrix_29.05"]
[Site "Chess.com"]
[Date "2020.05.29"]
[Round "8"]
[White "Belka1989"]
[Black "Todorovic1991"]
[Result "1-0"]
[WhiteElo "2035"]
[BlackElo "1713"]
[TimeControl "600+2"]
[EndTime "12:59:28 PDT"]
[Termination "Belka1989 won by checkmate"]

1. d4 f5 2. e4 fxe4 3. Nc3 Nf6 4. g4 d5 5. g5 Ng8 6. f3 e3 7. Bxe3 Bf5 8. Bd3 Qd7 9. f4 Nc6 10. Nf3 Bxd3 11. Qxd3 e6 12. O-O-O O-O-O 13. Ne5 Nxe5 14.
fxe5 Ne7 15. Ne2 Nf5 16. Ng3 Nh4 17. Rhf1 g6 18. Rf6 Be7 19. Rdf1 Bxf6 20. exf6 Nf5 21. Nxf5 exf5 22. Bf4 Rhe8 23. Be5 Re6 24. Qg3 Rde8 25. b3 b6 26. Kb2 Kb7 27. a4 a5 28. c3 Rf8 29. h4 Rf7 30. h5 b5 31. axb5 Qxb5 32. Qf3 Rb6 33. Qd1 a4 34. b4 a3+ 35. Ka1 Qc4 36. Rf3 Ra6 37. Qd3 Qb3 38. Qb1 Qa4 39. Ka2 Qb5 40. Rf2 Kc6 41. Qb3 Qd3 42. h6 Rd7 43.
Rc2 Kb5 44. Rc1 c6 45. Rc2 Qf1 46. Qb1 Qc4+ 47. Qb3 Qd3 48. Rc1 Rda7 49. Rc2 Qf1 50. Bd6 f4 51. Bc5 Rf7 52. c4+ dxc4 53. Qc3 f3 54. d5 Qd3 55. d6 Qf5 56. Qxc4+ Ka4 57.
Qxa6# 1-0

[Event "GrandPrix_29.05"]
[Site "Chess.com"]
[Date "2020.05.29"]
[Round "8"]
[White "crazyboy26"]
[Black "Fandorine"]
[Result "0-1"]
[WhiteElo "2342"]
[BlackElo "2506"]
[TimeControl "600+2"]
[EndTime "12:59:29 PDT"]
[Termination "Fandorine won by resignation"]

1. e4 c5 2. Nf3 d6 3. c3 Nf6 4. h3 g6 5. Bd3 Bg7 6. Bc2 O-O 7. d4 Nbd7 8. O-O b6 9. Re1 Bb7 10.
Nbd2 Qc7 11. Nf1 cxd4 12. cxd4 Rac8 13. Bd3 e5 14. d5 Nh5 15. Ne3 Nf4 16. Bf1 Nc5 17.
g3 Nh5 18. Nd2 a5 19. b3 Nf6 20. Qf3 Nxd5 21. exd5 e4 22. Nxe4 Nxe4 23. Ba3 Nd2 24.
Qf4 Be5 25. Qg4 f5 26. Qe2 Nxf1 27. Rxf1 Bxa1 28. Rxa1 f4 29. Ng4 Rce8 30. Bb2 Qg7 31. Qd2 Re5 32. gxf4 Rxd5 33. Qe2 Rd4 34. Rc1 h5 35.
Qe6+ Kh8 36. Ne3 Rfxf4 37. Qe8+ Kh7 38. Rc4 Rxc4 39. Nxc4 Qf8 40. Qd7+ Rf7 41. Qe6 Rxf2 0-1

[Event "GrandPrix_29.05"]
[Site "Chess.com"]
[Date "2020.05.29"]
[Round "8"]
[White "GMMarcinDziuba"]
[Black "MiroVlasenko"]
[Result "1-0"]
[WhiteElo "2532"]
[BlackElo "2531"]
[TimeControl "600+2"]
[EndTime "12:59:38 PDT"]
[Termination "GMMarcinDziuba won by resignation"]

1. Nf3 Nf6 2. d4 b6 3. c4 e6 4. Bf4 Bb4+ 5. Nbd2 Bb7 6. a3 Bxd2+ 7. Nxd2 d6 8. e3 Nbd7 9. h3 e5 10. dxe5 Nxe5 11.
Qc2 O-O 12. O-O-O Qe7 13. f3 Ng6 14. Bd3 Nxf4 15. exf4 d5 16. Rhe1 Qd6 17. Re5 g6 18.
cxd5 Rae8 19. Nc4 Qd8 20. Rxe8 Rxe8 21. Ne5 Nxd5 22. Be4 Qd6 23. Kb1 Rd8 24. Bxd5 Bxd5 25. Ka1 f6 26. Ng4 Kg7 27. f5 c6 28. h4 Qf4 29. fxg6 hxg6 30. Re1 Bf7 31. Qxc6 Qd4 32. Qc1 Qd5 33. Qh6+ 1-0

[Event "GrandPrix_29.05"]
[Site "Chess.com"]
[Date "2020.05.29"]
[Round "8"]
[White "Dyadya81"]
[Black "GM_LOADING"]
[Result "0-1"]
[WhiteElo "2150"]
[BlackElo "2339"]
[TimeControl "600+2"]
[EndTime "12:59:38 PDT"]
[Termination "GM_LOADING won by checkmate"]

1. e4 e5 2. Nf3 Nc6 3. d4 exd4 4. Nxd4 Nf6 5. Nc3 Bb4 6. Nxc6 bxc6 7. Bd3 O-O 8. O-O d5 9. exd5 cxd5 10. Bg5 c6 11.
Na4 h6 12. Bh4 Bd6 13. Re1 Rb8 14. c3 c5 15. Bc2 Bd7 16. Rb1 g5 17. Bg3 Bxg3 18.
hxg3 Bxa4 19. Bxa4 Ne4 20. Bc2 f5 21. Qd3 Qd6 22. c4 d4 23. g4 Qf4 24. Re2 Rxb2 25. Rxb2 Qc1+ 26. Kh2 Qxb2 27. gxf5 Nf6 28. Re7 Qc1 29. Qe2 Qf4+ 30. g3 Qd6 31. Re6 Qc7 32. Bd3 Rf7 33. Qf3 Kg7 34. Kg2 Re7 35. Kf1 Qb7 36. Be4 Qc7 37. Bd5 Rxe6 38. fxe6 Qe5 39. Kg2 g4 40. Qf4 Qxf4 41. gxf4 Kf8 42. f5 Ke7 43. f3 gxf3+ 44. Kxf3 Nxd5 45. cxd5 c4 46. Ke4 c3 47. Ke5 c2 48. d6+ Kd8 49. Kf6 c1=Q 50. Kf7 Qe3 51. f6 d3 52. e7+ Kd7 53. Kf8 Qe5 54.
f7 Qh8# 0-1

[Event "GrandPrix_29.05"]
[Site "Chess.com"]
[Date "2020.05.29"]
[Round "8"]
[White "igorkovalenko"]
[Black "Gabix_94"]
[Result "1-0"]
[WhiteElo "2331"]
[BlackElo "2413"]
[TimeControl "600+2"]
[EndTime "12:59:40 PDT"]
[Termination "igorkovalenko won by checkmate"]

1. d4 Nf6 2. Nf3 g6 3. Bf4 Bg7 4. e3 O-O 5. h3 d6 6. c3 Nfd7 7. Bh2 e5 8. Nbd2 Nc6 9. Bb5 Qe7 10. O-O e4 11. Ne1 f5 12. Nc2 Nf6 13. f3 a6 14.
Ba4 Bd7 15. Bb3+ Kh8 16. Qe2 Na5 17. f4 c5 18. Bg3 b5 19. a3 Nxb3 20. Nxb3 Be6 21.
Nd2 Qb7 22. Bh4 Nd5 23. Rfd1 Nb6 24. Nf1 Na4 25. Ne1 Bb3 26. Rd2 Rae8 27. Qf2 Nb6 28. g3 a5 29. Ng2 a4 30. g4 fxg4 31. hxg4 Qc8 32. Nh2 cxd4 33. cxd4 Nd5 34. Qg3 Qd7 35. Bg5 Kg8 36. Qh4 Rf7 37. Bh6 Bf6 38. Qg3 Bd8 39.
Rf2 Bc4 40. Kh1 b4 41. axb4 Nxb4 42. Nh4 Nd3 43. Rg2 Qb5 44. g5 Be6 45. Ng4 Bxg4 46. Qxg4 Be7 47. f5 gxf5 48. Qh3 f4 49. g6 hxg6 50.
Nxg6 Rh7 51. Qe6+ Rf7 52. Ne5+ Kh7 53. Qxf7+ Kxh6 54. Qg6# 1-0

[Event "GrandPrix_29.05"]
[Site "Chess.com"]
[Date "2020.05.29"]
[Round "8"]
[White "Hakob-Hakobyan-Arm"]
[Black "cukus"]
[Result "0-1"]
[WhiteElo "2096"]
[BlackElo "2193"]
[TimeControl "600+2"]
[EndTime "12:59:53 PDT"]
[Termination "cukus won by checkmate"]

1. Nf3 c5 2. c4 Nf6 3. Nc3 d5 4. cxd5 Nxd5 5. e4 Nb4 6. Bc4 Nd3+ 7. Ke2 Nf4+ 8. Kf1 Ne6 9. d3 g6 10. h4 h5 11. Be3 Bg7 12. Ng5 Nxg5 13. hxg5 Nd7 14.
f4 Nb6 15. Bb3 Bg4 16. Qd2 Rc8 17. Nd5 O-O 18. Rc1 Nxd5 19. Bxd5 b6 20. Kf2 e6 21. Bb3 Qd7 22. Bd1 Bxd1 23. Rcxd1 f6 24. gxf6 Rxf6 25. d4 cxd4 26. Bxd4 Rxf4+ 27. Qxf4 Bxd4+ 28. Kg3 Qg7 29. Qg5 Bf6 30. Qe3 Bxb2 31. Rhf1 Be5+ 32.
Kh3 g5 33. g4 Qh6 34. Rh1 Bf4 35.
Qb3 Be5 36. Qe3 Qf6 37. Rhf1 Rc2 38. gxh5 Rh2+ 39. Kg4 Rh4# 0-1

[Event "GrandPrix_29.05"]
[Site "Chess.com"]
[Date "2020.05.29"]
[Round "8"]
[White "Msb2"]
[Black "LiamVrolijk"]
[Result "1-0"]
[WhiteElo "2636"]
[BlackElo "2441"]
[TimeControl "600+2"]
[EndTime "12:59:56 PDT"]
[Termination "Msb2 won by resignation"]

1. d4 d5 2. c4 e6 3. Nc3 c5 4.
cxd5 exd5 5. Nf3 Nf6 6. Bg5 Be6 7. e3 c4 8. Be2 Bb4 9. O-O O-O 10. Qc2 Nbd7 11.
Ne5 Qa5 12. Nxd7 Nxd7 13. a3 Bxc3 14. bxc3 Nb6 15. a4 Bd7 16. Be7 Bxa4 17. Bxf8 Rxf8 18. Qb2 Qb5 19. Rfb1 Qc6 20. Qb4 Qg6 21. Rb2 Bc6 22. Rxa7 Nd7 23. Qa3 h5 24. h3 Nf6 25.
Ra8 Rxa8 26. Qxa8+ Kh7 27. Bd1 Ne4 28. Bc2 f5 29.
Bxe4 fxe4 30. Qf8 Bd7 31. Rxb7 Bxh3 32. Rxg7+ Qxg7 33. Qxg7+ Kxg7 34. gxh3 Kf6 35. f3 exf3 36. Kf2 Kf5 37. Kxf3 h4 38. e4+ 1-0

[Event "GrandPrix_29.05"]
[Site "Chess.com"]
[Date "2020.05.29"]
[Round "8"]
[White "Paulz64"]
[Black "switlave"]
[Result "1/2-1/2"]
[WhiteElo "2132"]
[BlackElo "2071"]
[TimeControl "600+2"]
[EndTime "13:00:00 PDT"]
[Termination "Game drawn by repetition"]

1. d4 Nf6 2. c4 g6 3. Nc3 d5 4. Nf3 Bg7 5. Bg5 dxc4 6. e3 Be6 7. Ne5 Nd5 8. Nxc4 c5 9. Ne4 cxd4 10. exd4 O-O 11.
Be2 Nc6 12. O-O Nxd4 13. Nc5 Bc8 14. Bd3 h6 15. Bh4 b6 16. Nb3 Nf5 17. Bxf5 Bxf5 18. Nd4 Rc8 19. Rc1 Bd7 20. Re1 Rc7 21. Ne5 Re8 22.
Bg3 Rxc1 23. Qxc1 e6 24. Ndc6 Bxc6 25. Qxc6 Qc8 26. Qa4 a5 27. h4 h5 28. Qb5 Rd8 29. Nc6 Qd7 30. Rc1 Kh7 31. b3 Rc8 32.
Rc4 Nc3 33. Qxb6 Qd1+ 34. Kh2 Ne2 35. f3 Rxc6 36. Rxc6 Bd4 37. Qc7 Qg1+ 38. Kh3 Qh1+ 39. Bh2 Ng1+ 40. Kg3 Ne2+ 41. Kh3 Ng1+ 42. Kg3 Ne2+ 43.
Kh3 1/2-1/2

[Event "GrandPrix_29.05"]
[Site "Chess.com"]
[Date "2020.05.29"]
[Round "8"]
[White "lelajavakhishvili"]
[Black "Valeriy_Neverov"]
[Result "1-0"]
[WhiteElo "2242"]
[BlackElo "2191"]
[TimeControl "600+2"]
[EndTime "13:00:01 PDT"]
[Termination "lelajavakhishvili won on time"]

1. d4 Nf6 2. c4 g6 3. Nf3 Bg7 4. g3 O-O 5. Bg2 c5 6. O-O cxd4 7. Nxd4 Nc6 8. Nc3 Qa5 9. e3 d6 10. Bxc6 bxc6 11. Nxc6 Qc7 12. Nd5 Nxd5 13. cxd5 Bb7 14. Bd2 Bxb2 15. Rb1 Bf6 16. Qa4 Rfc8 17. Rfc1 Qd7 18.
Qb5 Bxc6 19. dxc6 Qe6 20. a4 h5 21. h4 Kg7 22. c7 a6 23. Qb7 Qa2 24. Be1 Be5 25. Qxa8 Rxa8 26. Rb8 d5 27. Rxa8 Bxc7 28. Rxc7 Qb1 29. Kf1 Qd3+ 30. Kg2 Qe4+ 31. Kh2 Qxa4 32. Bc3+ 1-0

[Event "GrandPrix_29.05"]
[Site "Chess.com"]
[Date "2020.05.29"]
[Round "8"]
[White "Dolphin_2010"]
[Black "tacticthunder"]
[Result "0-1"]
[WhiteElo "2080"]
[BlackElo "2191"]
[TimeControl "600+2"]
[EndTime "13:00:03 PDT"]
[Termination "tacticthunder won by checkmate"]

1. e4 c5 2. Nf3 Nc6 3. Bb5 g6 4. Bxc6 bxc6 5. d4 Bg7 6. dxc5 Ba6 7. c3 Nf6 8. Qc2 O-O 9. Be3 d5 10. cxd6 exd6 11. Nbd2 Re8 12. O-O-O d5 13. exd5 Nxd5 14. Bd4 Nf4 15. Ne4 Qa5 16. Kb1 Rab8 17. g3 Be2 18. Bxg7 Bxf3 19. Nf6+ Kxg7 20. Nxe8+ Rxe8 21. Rde1 Ne2 22. Ka1 Nd4 23. Qd3 Nb3+ 24. Kb1 Rd8 25. Qc2 Bxh1 26.
Rxh1 Nd2+ 27. Ka1 Rd5 28. Rd1 Qxa2+ 29. Kxa2 Ra5+ 30. Qa4 Rxa4# 0-1

[Event "GrandPrix_29.05"]
[Site "Chess.com"]
[Date "2020.05.29"]
[Round "8"]
[White "Velis23"]
[Black "klimkoj"]
[Result "0-1"]
[WhiteElo "2104"]
[BlackElo "2122"]
[TimeControl "600+2"]
[EndTime "13:00:03 PDT"]
[Termination "klimkoj won by resignation"]

1. d4 Nf6 2. Bf4 g6 3. e3 Bg7 4. Nf3 O-O 5. Be2 d6 6. h3 Nc6 7. O-O Nd7 8. Bh2 e5 9. c3 f5 10.
b4 Qe7 11. b5 Nd8 12. a4 e4 13. Nfd2 Ne6 14. c4 Nf6 15. Nc3 Bd7 16. a5 Rfc8 17.
Qb3 Kh8 18. Qa3 Qf7 19. Rac1 Bf8 20. Qb2 c5 21. bxc6 bxc6 22. d5 Nc5 23. dxc6 Bxc6 24.
Nd5 Bg7 25. Qa3 Nxd5 26. cxd5 Qxd5 27. Nc4 Nd3 28. Nxd6 Bb2 29. Rxc6 Bxa3 30. Rxc8+ Rxc8 31. Nxc8 Qd7 32. Rb1 Bb4 33. Bxd3 exd3 34. Be5+ Kg8 35. Rxb4 d2 36. Rd4 d1=Q+ 37. Rxd1 Qxd1+ 38. Kh2 Qd7 39. Nd6 Qa4 40. Bd4 Qxa5 41. g3 Qa2 42. Kg1 a5 43. Nb5 Qb1+ 0-1

[Event "GrandPrix_29.05"]
[Site "Chess.com"]
[Date "2020.05.29"]
[Round "8"]
[White "Lion_DL"]
[Black "rusuvlad95"]
[Result "1-0"]
[WhiteElo "2262"]
[BlackElo "2105"]
[TimeControl "600+2"]
[EndTime "13:00:23 PDT"]
[Termination "Lion_DL won by resignation"]

1. e4 e5 2. f4 exf4 3. Bc4 d5 4. exd5 Qh4+ 5. Kf1 Bd6 6. Nf3 Qh5 7. d4 Ne7 8. Nc3 O-O 9. Ne4 Nxd5 10. Nxd6 cxd6 11. Bxd5 Qxd5 12. Bxf4 Re8 13. Kf2 Nd7 14. Re1 Rxe1 15. Qxe1 Nf6 16. b3 Bg4 17. c4 Qf5 18. Bg3 Re8 19. Qd1 Ne4+ 20. Kg1 Nxg3 21. hxg3 Re3 22. Qd2 Rd3 23. Qe2 g6 24. Rf1 Kg7 25. d5 b5 26.
Qb2+ Kg8 27. Ne1 Qe4 28. Nxd3 Qxd3 29. Qf6 Qe3+ 30. Qf2 Qxf2+ 31. Kxf2 bxc4 32. bxc4 Bf5 33. Rc1 Kg7 34. Ke3 Kf6 35. Kd4 Kg5 36. c5 dxc5+ 37. Rxc5 Kg4 38. d6 Be6 39. Re5 Bc8 40. Re3 h5 41.
Kc5 Bd7 42. Re7 Bc8 43. d7 Bxd7 44. Rxd7 Kxg3 45. Rxf7 h4 46. Rg7 Kxg2 47. Rxg6+ Kf3 48. Rh6 1-0

[Event "GrandPrix_29.05"]
[Site "Chess.com"]
[Date "2020.05.29"]
[Round "8"]
[White "Chessbuster123"]
[Black "Mikhail_Golubev"]
[Result "0-1"]
[WhiteElo "1930"]
[BlackElo "2015"]
[TimeControl "600+2"]
[EndTime "13:00:23 PDT"]
[Termination "Mikhail_Golubev won by resignation"]

1. d4 Nf6 2. c4 g6 3. g3 Bg7 4. Bg2 O-O 5. Nc3 d6 6. Nf3 Nbd7 7. O-O e5 8. h3 c6 9. e4 exd4 10. Nxd4 Qb6 11. Nb3 Qb4 12. Qe2 Ne5 13. c5 dxc5 14. f4 Nh5 15. Kh2 c4 16. Nd2 Nd3 17. e5 Nxc1 18. Rfxc1 f6 19. Nxc4 fxe5 20. a3 Qe7 21. Re1 Nxg3 22. Kxg3 exf4+ 23. Kh2 Qxe2 24. Rxe2 f3 25.
Re7 fxg2 26. Kxg2 Bf6 27. Re2 Bf5 28. Nd6 Rad8 29. Nxf5 gxf5 30. Na4 Kf7 31. Rf1 Rg8+ 32. Kh2 Rd5 33. Rf3 Be5+ 34. Rxe5 Rxe5 35. Nc3 Ke6 36. Rd3 Re1 37. Rd2 f4 38. Ne2 Ke5 39. Nd4 Ke4 40.
Nc2 Rc1 41. Rd4+ Ke5 42. Rd2 Rxc2 43. Rxc2 f3 44. Rc3 Ke4 45. b4 f2 46. Rc4+ Kd3 47.
Rf4 Ke2 48. Re4+ Kf3 0-1

[Event "GrandPrix_29.05"]
[Site "Chess.com"]
[Date "2020.05.29"]
[Round "8"]
[White "Sergey_Krivenko"]
[Black "0plaksin0"]
[Result "1-0"]
[WhiteElo "2101"]
[BlackElo "2145"]
[TimeControl "600+2"]
[EndTime "13:00:28 PDT"]
[Termination "Sergey_Krivenko won by resignation"]

1. d4 Nf6 2. Nf3 g6 3. Bg5 Bg7 4. Nbd2 d5 5. e3 O-O 6. Be2 c5 7. c3 Nc6 8. O-O b6 9. Qb3 c4 10. Qa3 b5 11. b3 Bf5 12. Ne5 Qa5 13. Qxa5 Nxa5 14. b4 Nb7 15. Bf3 e6 16. Bxf6 Bxf6 17. Nd7 Bg5 18. Nxf8 Kxf8 19. a4 Nd6 20. Rfc1 Bd8 21.
Be2 g5 22. h3 Bg6 23. Bf3 f5 24. g3 Bb6 25. Bd1 Ke7 26. Nf3 Be8 27. axb5 Nf7 28.
Bc2 h6 29. g4 Kf6 30. Nh2 Nd6 31. Nf1 Bf7 32. Ng3 Be8 33. f3 Rb8 34. Kh2 Bg6 35.
gxf5 exf5 36. e4 fxe4 37. fxe4 Nxe4 38. Rf1+ Ke6 39. Nxe4 dxe4 40. Rae1 Kd5 41. Rf6 Rg8 42. Rxg6 1-0

[Event "GrandPrix_29.05"]
[Site "Chess.com"]
[Date "2020.05.29"]
[Round "8"]
[White "FLamps8"]
[Black "tigra"]
[Result "0-1"]
[WhiteElo "2270"]
[BlackElo "2656"]
[TimeControl "600+2"]
[EndTime "13:00:44 PDT"]
[Termination "tigra won by resignation"]

1. d4 Nf6 2. Bf4 c6 3. Nc3 d6 4. a4 Qc7 5. e4 e5 6. Bg3 a5 7. Bc4 Nbd7 8. Nf3 Be7 9. O-O O-O 10.
Nh4 exd4 11. Qxd4 Ne5 12. Ba2 Be6 13. Bxe6 fxe6 14. Bxe5 dxe5 15. Qc4 Qc8 16. Nf5 Bb4 17. Rad1 b5 18. Qb3 Kh8 19. Nd6 Bxd6 20. Rxd6 b4 21. Ne2 Nxe4 22. Rdd1 Qa6 23. Qe3 Nf6 24. Qxe5 Qc4 25.
Nd4 Rad8 26. Nxe6 Rxd1 27. Rxd1 Re8 28. Rd8 Rxd8 29. Nxd8 Qxc2 30. h3 Qd1+ 31. Kh2 Qxd8 32. Qc5 Qc7+ 33. g3 h6 34. b3 Kg8 35. Qc4+ Nd5 36. Qc5 Qb6 37. Qc2 Nc3 38. Qf5 c5 39.
Qc8+ Kf7 40. Qd7+ Kf6 41. f4 c4 42. Qe8 Qf2+ 43. Kh1 Qf1+ 44. Kh2 Qe2+ 0-1

[Event "GrandPrix_29.05"]
[Site "Chess.com"]
[Date "2020.05.29"]
[Round "8"]
[White "AlexVanGog"]
[Black "Hrant_ChessMood"]
[Result "0-1"]
[WhiteElo "2598"]
[BlackElo "2854"]
[TimeControl "600+2"]
[EndTime "13:00:45 PDT"]
[Termination "Hrant_ChessMood won by resignation"]

1. d4 Nf6 2. c4 g6 3. f3 Bg7 4. e4 d6 5. Nc3 a6 6. Be3 O-O 7. Qd2 c5 8. Nge2 Nbd7 9. d5 b5 10. cxb5 axb5 11. Nxb5 Ba6 12. Nec3 Qa5 13. a4 Rfb8 14. Ra3 Ne8 15. Be2 Nc7 16. Nxc7 Qxc7 17. Nb5 Bxb5 18. Bxb5 c4 19. O-O c3 20. Qc2 Qa5 21.
Bxd7 Rxb2 22. Qd3 Rab8 23. Raa1 c2 24. Rac1 R8b3 25. Qe2 Qc3 26. Bb5 Qxe3+ 27. Qxe3 Rxe3 28. Kf2 Bd4 29. Kg3 Rc3 30. Rfe1 Be5+ 0-1

[Event "GrandPrix_29.05"]
[Site "Chess.com"]
[Date "2020.05.29"]
[Round "8"]
[White "Nuvas"]
[Black "hubertsmazak"]
[Result "1-0"]
[WhiteElo "2283"]
[BlackElo "2326"]
[TimeControl "600+2"]
[EndTime "13:00:47 PDT"]
[Termination "Nuvas won by resignation"]

1. d4 Nf6 2. c4 e6 3. Nc3 Bb4 4. g3 d5 5. Bg2 O-O 6. Nf3 dxc4 7. O-O c5 8. dxc5 Qxd1 9. Rxd1 Bxc5 10. Ne5 Nbd7 11.
Nxc4 Nb6 12. Na5 Ng4 13. Ne4 Bb4 14. Bd2 Bxd2 15. Rxd2 Bd7 16. Nxb7 Rab8 17. Nec5 Bc8 18. Na5 Ne5 19. Rc1 Nd5 20. f4 Nd7 21. Nc6 Ra8 22. Nxd7 Bxd7 23. Ne7+ Kh8 24. Nxd5 exd5 25. Bxd5 Rad8 26.
e4 a5 27. Rcd1 Rb8 28. Bxf7 Bg4 29. Bb3 Bxd1 30. Bxd1 Rfd8 31. Rxd8+ Rxd8 32. Bb3 Rd2 33. e5 Rxb2 34. e6 g6 35. Kf1 Rb1+ 36. Kf2 Rb2+ 37. Kf3 Rb1 38. Ke2 Rb2+ 39. Kd3 Rb1 40. Kd2 Rb2+ 41. Kc3 Rxh2 42. Bc4 Rh1 43. Kd2 Rh2+ 44. Ke3 Rh1 45. e7 1-0

[Event "GrandPrix_29.05"]
[Site "Chess.com"]
[Date "2020.05.29"]
[Round "8"]
[White "DariaVoit"]
[Black "Korchmar_Vasiliy"]
[Result "1-0"]
[WhiteElo "2255"]
[BlackElo "2069"]
[TimeControl "600+2"]
[EndTime "13:01:10 PDT"]
[Termination "DariaVoit won by resignation"]

1. d4 Nf6 2. Nf3 d5 3. c4 e6 4.
g3 Bb4+ 5. Bd2 Bd6 6. Bg5 O-O 7.
Nc3 c6 8. e4 dxe4 9. Bxf6 Qxf6 10. Nxe4 Bb4+ 11. Nc3 c5 12. Bg2 Nc6 13. O-O Nxd4 14.
Nxd4 cxd4 15. Ne4 Qd8 16. Qb3 Be7 17. Rad1 e5 18. Nc3 Bg4 19. f3 Be6 20. f4 exf4 21. Rxf4 Bc5 22. Na4 b6 23. Nxc5 bxc5 24. Bxa8 Qxa8 25. h4 Rb8 26. Qc2 a5 27. b3 a4 28.
Kh2 h6 29. Rb1 a3 30. Re1 Qa5 31. Re5 Rd8 32. Qd3 Qc3 33. Rf3 Qb4 34. Rf2 Qb6 35. Qe4 d3 36. Qe3 Qb4 37. Rd2 Qc3 38. Rxc5 Bf5 39.
Rxf5 1-0